 Dungeon Crawl Stone Soup version 0.26.0-16-gc1dbca0489 (webtiles) character file.

Game seed: 4771954126177052719

77 kaeus the Grave Robber (level 4, -3/32 HPs)
             Began as a Deep Dwarf Necromancer on Jan 20, 2021.
             Was an Initiate of Hepliaklqana.
             Slain by a phantom (4 damage)
             ... on level 4 of the Dungeon.
             The game lasted 00:10:48 (2745 turns).

kaeus the Grave Robber (Deep Dwarf Necromancer)     Turns: 2745, Time: 00:10:49

Health: -3/32      AC:  4    Str: 12    XL:     4   Next: 14%
Magic:  6/6        EV: 12    Int: 22    God:    Hepliaklqana [......]
Gold:   260        SH:  0    Dex: 13    Spells: 5/7 levels left

rFire    . . .     SeeInvis .   c - +3 dagger
rCold    . . .     Faith    .   (no shield)
rNeg     . . .     Spirit   .   h - +0 troll leather armour
rPois    .         Reflect  .   (no helmet)
rElec    .         Harm     .   (no cloak)
rCorr    .         Rampage  .   (no gloves)
Will     .....                  (no boots)
Stlth    +++.......             (no amulet)
HPRegen  0.00/turn              f - ring of stealth
MPRegen  0.10/turn              i - +6 ring of intelligence

@: non-regenerating
A: damage resistance, heal wounds, reduced essence, sense surroundings 1, no
regeneration
a: Heal Wounds, Renounce Religion, Recall Ancestor, Ancestor Identity


You were on level 4 of the Dungeon.
You worshipped Hepliaklqana.
Hepliaklqana was noncommittal.
You visited 1 branch of the dungeon, and saw 4 of its levels.

You collected 260 gold pieces.

Inventory:

Hand Weapons
 c - a +3 dagger (weapon)
Armour
 a - a +0 robe
 h - a +0 troll leather armour (worn)
Jewellery
 f - a ring of stealth (left hand)
 i - a +6 ring of intelligence (right hand)
 l - an uncursed ring of protection from cold
Scrolls
 b - a scroll of teleportation
 j - a scroll of remove curse {unknown}
 n - 5 scrolls of identify {unknown}
Potions
 d - 3 potions of mutation {unknown}
 e - 2 potions of resistance {unknown}
 g - 2 potions of heal wounds {unknown}
 k - 2 potions of curing {unknown}
 m - a potion of flight {unknown}


   Skills:
 + Level 0.8 Short Blades
 - Level 3.0 Dodging
 + Level 3.4 Stealth
 - Level 0.1 Unarmed Combat
 + Level 2.3 Spellcasting
 + Level 4.8 Necromancy


You had 5 spell levels left.
You knew the following spells:

 Your Spells              Type           Power        Failure   Level
a - Pain                  Necr           92%          2%          1
b - Animate Skeleton      Necr           46%          2%          1

Your spell library contained the following spells:

 Spells                   Type           Power        Failure   Level
 Sublimation of Blood     Necr           11%          3%          2
 Vampiric Draining        Necr           11%          7%          3
 Corpse Rot               Necr/Air       N/A          10%         2
 Animate Dead             Necr           11%          22%         4
 Dispel Undead            Necr           23%          22%         4
 Agony                    Necr           23%          54%         5
 Excruciating Wounds      Necr           11%          54%         5


Dungeon Overview and Level Annotations

Branches:
Dungeon (4/15)             Temple (0/1) D:4

Altars:
Dithmenos
Hepliaklqana


Innate Abilities, Weirdness & Mutations

You are resistant to damage.
You can heal yourself by infusing magical energy.
You passively map a small area around you.
You do not regenerate.
Your life essence is reduced to manifest your ancestor. (-10% HP)


Message History

You hit the phantom but do no damage.
The phantom is severely damaged.
The phantom misses you.
Krujia closely misses the phantom.
You barely miss the phantom.
The phantom is severely damaged.
The phantom blinks!
You swap places.
The phantom hits you.
You hit the phantom.
The phantom is almost destroyed.
The phantom barely misses you.
Krujia misses the phantom.
You hit the phantom but do no damage.
The phantom is almost destroyed.
The phantom hits you!
* * * LOW HITPOINT WARNING * * *
Krujia hits the phantom but does no damage.
You hit the phantom but do no damage.
The phantom is almost destroyed.
The phantom hits you.
You die...

#..._.#....# #.##.###.....
#....##....# #.##.#####...
#..##.....# #.##...# ###.
##........# #.##...#####.
#####......# #.##...##....
##..........# #####....)....###
#...........###..>..##...######
#.#............................
* ##.......###@#.###.....######
# #.......).##WR.........####..
#.##.........#...####..........#
#..............### #.....######
####.........### #.....# #
#.........# #.....# ##....(..##
####### ##.<...## #######


You could see the friendly Krujia the ancestor and a phantom.

Vanquished Creatures
  An adder (D:2)
  An ooze (D:1)
  A dart slug (D:1)
  2 leopard geckos (D:1)
  7 orcs (D:3)
  A ball python (D:1)
  A giant cockroach (D:3)
  6 goblins
  5 hobgoblins
  3 jackals (D:3)
  6 kobolds
  8 bats
  2 frilled lizards
  7 rats
51 creatures vanquished.

Notes
Turn   | Place    | Note
-------+----------+-------------------------------------------
     0 | D:1      | kaeus the Deep Dwarf Necromancer began the quest for the
                  | Orb.
     0 | D:1      | Reached XP level 1. HP: 15/15 MP: 3/3
   193 | D:1      | Reached XP level 2. HP: 19/22 MP: 2/4
   690 | D:1      | Reached XP level 3. HP: 24/28 MP: 2/6
   968 | D:2      | Learned a level 1 spell: Animate Skeleton
  1740 | D:3      | Reached XP level 4. HP: 28/36 MP: 1/6
  2171 | D:3      | Found a hazy altar of Hepliaklqana.
  2176 | D:3      | Became a worshipper of Hepliaklqana the Forgotten
  2504 | D:4      | Found a shadowy altar of Dithmenos.
  2636 | D:4      | Found a staircase to the Ecumenical Temple.
  2715 | D:4      | Noticed a phantom
  2744 | D:4      | HP: 1/32 [phantom (6)]
  2745 | D:4      | Slain by a phantom

Illustrated notes

Levels and vault maps discovered:
D:1:      lightli_arrival_quake, layout_rooms
D:2:      layout_basic
D:3:      layout_loops_ring, nzn_hepliaklqana_mist_gate
D:4:      layout_rooms, nicolae_dithmenos_through_a_glass_darkly, temple_statues

Skill      XL: |  1  2  3  4 |
---------------+-------------+-----
Spellcasting   | 2 |  2.3
Stealth        | 3 |  3.4
Dodging        | 3 |  3.0
Short Blades   | |  0.8
Unarmed Combat | |  0.1
Necromancy     | |  4.8

Action                   |  1- 3 |  4- 6 || total
-------------------------+-------+-------++-------
Melee: Unarmed           |    18 |       ||    18
       Dagger            |    27 |    33 ||    60
 Cast: Pain              |    63 |     8 ||    71
       Animate Skeleton  |     3 |     1 ||     4
Invok: Ancestor Identity |       |     2 ||     2
       Recall Ancestor   |       |     1 ||     1
 Abil: Heal Wounds       |     2 |     1 ||     3
  Use: Scroll            |     1 |       ||     1
 Stab: Sleeping          |     1 |       ||     1
Armor: Robe              |     1 |       ||     1
       Troll leather arm |     1 |     2 ||     3
Dodge: Dodged            |    30 |    17 ||    47
